 Dungeon Crawl Stone Soup version 0.21-a0-110-g8e1637b (webtiles) character file.

118794 Ijustatesigmund the Brawler (level 16, -48/255 HPs)
             Began as a Troll Monk on July 6, 2017.
             Was the Champion of Wu Jian.
             Annihilated by Ijustatesigmund's illusion (55 damage)
             ... woven by Mara
             ... on level 15 of the Dungeon on July 7, 2017.
             The game lasted 01:38:06 (24291 turns).

Ijustatesigmund the Brawler (Troll Monk)           Turns: 24291, Time: 01:38:07

Health: -48/255    AC: 15    Str: 28    XL:     16   Next: 26%
Magic:  16/19      EV: 13    Int:  4    God:    Wu Jian [******]
Gold:   1000       SH:  2    Dex: 17    Spells: 11/21 levels left

rFire    . . .     SeeInvis .     - Unarmed
rCold    + . .     Gourm    +   (no shield)
rNeg     . . .     Faith    .   O - +4 troll leather armour {Snorg}
rPois    .         Spirit   .   (helmet restricted)
rElec    .         Reflect  +   A - +2 cloak
rCorr    .         Harm     .   (gloves unavailable)
MR       +....                  (boots unavailable)
Stlth    ..........             a - +2 amulet of reflection
HPRegen  1.32/turn              I - ring of protection from cold
MPRegen  0.16/turn              m - +3 ring of evasion

@: berserking, exhausted, very heavily drained, very quick
A: unfitting armour, claws 3, horns 1, dopey 1, fast metabolism 3, gourmand,
regeneration 1, shaggy fur 2, tough skin 2
a: Serpent's Lash, Heavenly Storm, Renounce Religion


You were on level 15 of the Dungeon.
You worshipped Wu Jian.
Wu Jian was exalted by your worship.
You were very full.

You visited 4 branches of the dungeon, and saw 24 of its levels.
You also visited: Labyrinth and Ice Cave.

You collected 2545 gold pieces.
You spent 1545 gold pieces at shops.

Inventory:

Hand Weapons
 q - a +2 giant spiked club
Missiles
 r - a throwing net
 F - 9 javelins
 G - 17 large rocks (quivered)
Armour
 A - a +2 cloak (worn)
 K - +0 fire dragon scales
 O - a +4 troll leather armour (worn) {Snorg}
Jewellery
 a - a +2 amulet of reflection (around neck)
 m - a +3 ring of evasion (right claw)
 n - an uncursed ring of ice
 C - a +5 ring of strength
 I - a ring of protection from cold (left claw)
Wands
 b - a wand of scattershot (2/9)
 i - a wand of polymorph (22/24)
 o - a wand of random effects (14/48)
 p - a wand of flame (16/48)
 u - a wand of polymorph (3/24)
 H - a wand of paralysis (16/24)
 L - a wand of confusion (19/48)
 P - a wand of lightning (6/15)
 Q - a wand of digging (11/24)
 W - a wand of disintegration (18/24)
 X - a wand of enslavement (5/24)
Scrolls
 f - 5 scrolls of teleportation
 g - a scroll of enchant armour
 k - 4 scrolls of fog
 t - a scroll of enchant weapon
 w - 8 scrolls of remove curse
 y - 9 scrolls of identify
 B - 2 scrolls of immolation
 E - 6 scrolls of amnesia
 R - 2 scrolls of fear
 S - 2 scrolls of blinking
Potions
 c - 5 potions of brilliance
 e - 2 potions of cancellation
 h - 2 potions of magic
 s - a potion of resistance
 v - 4 potions of flight
 z - 2 potions of agility
 D - 9 potions of curing
 J - a potion of might
 Y - a potion of invisibility
 Z - a potion of haste
Miscellaneous
 V - a lightning rod (4/4)
Comestibles
 d - 21 royal jellies
 l - 11 fruits
 x - 8 meat rations
 M - 8 bread rations
 N - 2 chunks of flesh


   Skills:
 + Level 13.5(8.8) Fighting
 - Level 6.3(2.3) Throwing
 - Level 4.5(0.7) Armour
 + Level 6.2(2.3) Dodging
 - Level 1.0(0.0) Stealth
 - Level 18.5(13.3) Unarmed Combat
 - Level 3.0(0.0) Spellcasting
 - Level 4.8(1.0) Translocations
 + Level 9.3(5.0) Transmutations


You had 11 spell levels left.
You knew the following spells:

 Your Spells              Type           Power        Failure   Level  Hunger
a - Beastly Appendage     Tmut           #.....       9%          1    ##.....
b - Blink                 Tloc           N/A          52%         2    ###....
c - Blade Hands           Tmut           #.........   92%         5    ######.
d - Swiftness             Chrm/Air       #.......     67%         2    ###....


Dungeon Overview and Level Annotations

Branches:
Dungeon (15/15)            Temple (0/1) D:7            Lair (6/6) D:9
 Shoals (0/4) Lair:4        Snake (0/4) Lair:3        Slime (0/5) Lair:6
    Orc (2/2) D:12            Elf (0/3) Orc:2        Vaults (0/5) D:13
 Depths (1/5) D:15

Altars:
Ashenzari
Elyvilon
Fedhas
Hepliaklqana
Kikubaaqudgha
Makhleb
Okawaru
Ru
Sif Muna
Uskayaw
Vehumet
Wu Jian
Xom
Zin
Beogh

Shops:
D:4 (   D:5 :   D:6 %   Orc:2 :([*

Annotations:
D:15 Mara


Innate Abilities, Weirdness & Mutations

You are too large for most types of armour.
You have claws for hands.
Your metabolism is lightning-fast.
You like to eat raw meat.
Your natural rate of healing is unusually fast.
You are covered in thick fur. (AC +2)
You have very tough skin. (AC +2)
You have a pair of small horns on your head.
You are dopey. (Int -2)


Message History

* * * LOW HITPOINT WARNING * * *
You feel a strong urge to attack something.
Mara gestures.
There is a horrible, sudden wrenching feeling in your soul!
Things that are here:
+0 fire dragon scales; a fire dragon corpse You barely miss Mara.
You headbutt Mara, but do no damage.
Mara is severely wounded.
Mara hits you with a demon trident of draining!
* * * LOW HITPOINT WARNING * * *
You feel drained.
* * * LOW HITPOINT WARNING * * *
You slice Mara!! Your headbutt misses Mara.
Mara is almost dead.
Your hands revert to their normal proportions.
Ijustatesigmund's illusion barely misses you.
You scratch Mara. Your headbutt misses Mara.
Mara is almost dead.
Ijustatesigmund's illusion hits you!!!
You die...

.....................(...(.#.....
.....)...................(.#.....
.............#...####.....(######
.......<...≈.#.≈.#..#.....((.....
.............#...#..#.###(#......
..........###'###.###.#.(.#......
....#####....#..R###..#.(.#..((..
....#...#..≈.#.≈R# #(.#.(.#..(...
....'...#....#R@@###..###+#......
....#...#.###.###>##..(..........
#...#...#.#..## ####.............
#...#...#.#..#######.............
#...#...#.####...................
#...#...#........................
#..(#...#..............(..###....
#...#####.........).......#.#....
#.........................#.#....


You could see 3 Maras and Ijustatesigmund's illusion (berserk).

Vanquished Creatures
  Saint Roka (Orc:2)
  Rupert (D:13)
  Frances (D:14)
  The ghost of Ijustatesigmund the Warrior, a journeyman OgHu of Okawaru (Lair:1)
  An emperor scorpion (D:15)
  An orc warlord (Orc:1)
  A stone giant (Orc:1)
  Nessos (D:15)
  Azrael (D:13)
  A white draconian (IceCv)
  A minotaur (Lab)
  An ettin (Orc:1)
  Josephine (D:13)
  Snorg (D:12)
  2 fire dragons
  5 hydras
  A yaktaur captain (D:13)
  A vault guard (D:13)
  3 catoblepae
  4 two-headed ogres
  A death knight (D:15)
  2 tengu warriors (D:13)
  5 centaur warriors
  Urug (Orc:1)
  7 death yaks
  5 orc high priests
  The ghost of murphy the Geomancer, a novice DEEE of Vehumet (Lair:1)
  4 unseen horrors
  5 orc knights
  A lindwurm (Lair:6)
  10 ugly things
  2 cyclopes
  2 manticores
  9 orc sorcerers
  A wolf spider (Lair:6)
  A salamander (D:15)
  3 elephants (Lair:3)
  Joseph (Lair:1)
  A guardian serpent (Lair:6)
  10 black mambas (Lair:6)
  4 centaur zombies
  9 spiny frogs
  2 ice statues
  6 torpor snails
  3 rime drakes
  A yaktaur (D:13)
  A freezing wraith (Lair:2)
  8 komodo dragons
  A tengu conjurer (D:13)
  4 tyrant leeches (Lair:6)
  15 polar bears
  A minotaur zombie (Lab)
  11 hornets
  A polar bear (shapeshifter) (D:13)
  14 trolls
  3 blink frogs (Lair:5)
  13 hippogriffs
  6 slime creatures
  7 dream sheep (Lair:5)
  A redback (shapeshifter) (D:15)
  8 wraiths
  An air elemental (D:11)
  3 redbacks (Lair:6)
  A water elemental (D:11)
  43 yaks
  4 fire elementals
  3 shadows
  9 wyverns
  A basilisk (D:13)
  4 hungry ghosts
  5 vampire mosquitoes
  An acid dragon (D:15)
  4 nagas (Lair:3)
  2 soldier ants (D:11)
  7 wargs
  26 water moccasins
  A hell hound (D:14)
  10 porcupines
  A hornet zombie (D:9)
  4 sky beasts
  Duvessa (D:6)
  11 ice beasts
  39 orc warriors
  A necrophage (D:11)
  A black bear (D:10)
  5 ogres
  17 wolves (IceCv)
  An eye of draining (D:13)
  27 centaurs
  12 crocodiles
  2 big kobolds
  12 bullfrogs
  4 wyvern zombies
  An earth elemental (D:11)
  Dowan (D:6)
  A water moccasin zombie (D:10)
  A water moccasin skeleton (D:9)
  3 scorpions
  6 killer bees (D:8)
  2 howler monkeys
  4 wights (D:7)
  3 electric eels (Lair:6)
  A bullfrog zombie (D:8)
  5 crimson imps
  2 quasits
  6 hounds
  4 jellies
  7 bullfrog skeletons
  A gnoll shaman (Orc:2)
  15 orc priests
  Crazy Yiuf (D:7)
  5 centaur skeletons
  7 iguanas
  25 orc wizards
  4 hell rats (Lair:6)
  10 worker ants
  Terence (D:3)
  2 hound skeletons
  2 worker ant zombies
  6 gnolls
  13 adders
  4 river rats (D:5)
  6 shadow imps
  14 white imps
  An adder skeleton (D:8)
  2 worms
  2 dart slugs (D:3)
  3 leopard geckos
  87 orcs
  A ball python (D:2)
  6 bats
  6 giant cockroaches
  9 goblins
  11 hobgoblins
  6 jackals
  2 quokkas
  5 frilled lizards
  15 kobolds
  A quokka skeleton (D:4)
  2 rats
  A fungus (Lair:2)
  4 plants
811 creatures vanquished.

Vanquished Creatures (others)
  A wolf (IceCv)
  An orc wizard (D:4)
  An orc (Orc:2)
  A frilled lizard (D:2)
  13 fungi
  16 plants
33 creatures vanquished.

Grand Total: 844 creatures vanquished

Notes
Turn   | Place    | Note
-------+----------+-------------------------------------------
     0 | D:1      | Ijustatesigmund the Troll Monk began the quest for the Orb.
     0 | D:1      | Reached XP level 1. HP: 22/22 MP: 0/0
   483 | D:1      | Reached XP level 2. HP: 29/29 MP: 1/1
   970 | D:2      | Found a white marble altar of Elyvilon.
  1030 | D:2      | Reached skill level 1 in Throwing
  1305 | D:2      | Noticed an angel
  1306 | D:2      | Found a shimmering altar of Xom.
  1307 | D:2      | Found a glowing silver altar of Zin.
  1435 | D:2      | Reached XP level 3. HP: 36/36 MP: 2/2
  1880 | D:3      | Noticed Terence
  1881 | D:3      | Found an ancient bone altar of Kikubaaqudgha.
  1882 | D:3      | Found a blossoming altar of Fedhas.
  1884 | D:3      | Killed Terence
  1884 | D:3      | Reached XP level 4. HP: 45/45 MP: 3/3
  1902 | D:3      | Found an iron altar of Okawaru.
  1975 | D:3      | Found a radiant altar of Vehumet.
  2052 | D:3      | Noticed a centaur
  2061 | D:3      | Killed a centaur
  2061 | D:3      | Reached skill level 4 in Unarmed Combat
  2061 | D:3      | Reached XP level 5. HP: 21/53 MP: 4/4
  2413 | D:4      | Reached XP level 6. HP: 55/62 MP: 5/5
  2429 | D:4      | Found a hide-covered altar of Uskayaw.
  2442 | D:4      | Reached skill level 5 in Unarmed Combat
  2553 | D:4      | Found Bel Utautz's Weapon Shop.
  2823 | D:4      | Found a burning altar of Makhleb.
  2889 | D:5      | Entered Level 5 of the Dungeon
  2910 | D:5      | Found an ornate altar of the Wu Jian Council.
  2929 | D:4      | Reached XP level 7. HP: 71/71 MP: 6/6
  2944 | D:5      | Reached skill level 5 in Fighting
  2944 | D:5      | Reached skill level 6 in Unarmed Combat
  2977 | D:5      | Found Geff's Book Emporium.
  2980 | D:5      | Became a worshipper of the Wu Jian Council
  2980 | D:5      | Reached * piety under Wu Jian
  2980 | D:5      | Reached ** piety under Wu Jian
  3035 | D:5      | Found a shattered altar of Ashenzari.
  3139 | D:5      | Gained mutation: You are dopey. (Int -2) [potion of mutation]
  3139 | D:5      | Gained mutation: You are covered in thick fur. (AC +2) [potion of mutation]
  3139 | D:5      | Gained mutation: You have a pair of small horns on your head. [potion of mutation]
  3502 | D:6      | Found a sacrificial altar of Ru.
  3516 | D:6      | Reached XP level 8. HP: 80/83 MP: 7/7
  3549 | D:6      | Reached skill level 7 in Unarmed Combat
  3623 | D:6      | Noticed Duvessa
  3624 | D:6      | Noticed Dowan
  3630 | D:6      | Killed Duvessa
  3640 | D:6      | Killed Dowan
  3806 | D:6      | Found Leps's Food Emporium.
  4030 | D:7      | Found a deep blue altar of Sif Muna.
  4076 | D:7      | Noticed a hippogriff
  4084 | D:7      | Killed a hippogriff
  4084 | D:7      | Reached skill level 8 in Unarmed Combat
  4223 | D:7      | Found a staircase to the Ecumenical Temple.
  4296 | D:7      | Reached XP level 9. HP: 93/93 MP: 8/8
  4583 | D:7      | Found a runed door.
  4587 | D:7      | Noticed Crazy Yiuf
  4591 | D:7      | Killed Crazy Yiuf
  4784 | D:8      | Reached skill level 9 in Unarmed Combat
  4818 | D:8      | Reached *** piety under Wu Jian
  5472 | D:8      | Reached skill level 10 in Unarmed Combat
  5616 | D:8      | Found an ornate altar of the Wu Jian Council.
  5940 | D:9      | Reached XP level 10. HP: 96/106 MP: 9/9
  5947 | D:9      | Reached **** piety under Wu Jian
  6116 | D:9      | Noticed a two-headed ogre
  6124 | D:9      | Killed a two-headed ogre
  6128 | D:9      | Found a staircase to the Lair.
  6220 | D:9      | Paralysed by a hornet for 2 turns
  6222 | D:9      | Reached skill level 11 in Unarmed Combat
  6334 | D:9      | Found a hazy altar of Hepliaklqana.
  6431 | Lair:1   | Entered Level 1 of the Lair of Beasts
  6433 | Lair:1   | Noticed murphy's ghost (novice DEEE)
  6678 | Lair:1   | Killed murphy's ghost
  6678 | Lair:1   | Reached skill level 10 in Fighting
  6733 | D:10     | Entered Level 10 of the Dungeon
  7321 | D:10     | Noticed a two-headed ogre
  7325 | D:10     | Noticed a two-headed ogre
  7330 | D:10     | Killed a two-headed ogre
  7330 | D:10     | Reached skill level 12 in Unarmed Combat
  7330 | D:10     | Reached XP level 11. HP: 36/119 MP: 10/10
  7331 | D:10     | Killed a two-headed ogre
  7824 | D:11     | Killed an unseen horror
  7933 | D:11     | Noticed a two-headed ogre
  7939 | D:11     | Killed a two-headed ogre
  8777 | D:11     | Found a large runed door.
  8778 | D:11     | Found a large runed door.
  9149 | D:11     | Reached skill level 13 in Unarmed Combat
  9540 | D:12     | Noticed a red ugly thing
  9543 | D:12     | Noticed a brown ugly thing
  9547 | D:12     | Killed a red ugly thing
  9554 | D:12     | Killed a brown ugly thing
  9602 | D:12     | Learned a level 1 spell: Beastly Appendage
  9784 | D:12     | Found a staircase to the Orcish Mines.
  9980 | D:12     | Reached skill level 1 in Transmutations
 10044 | D:12     | Noticed Snorg
 10049 | D:12     | Killed Snorg
 10049 | D:12     | Reached XP level 12. HP: 128/131 MP: 11/11
 10071 | D:12     | Identified a scroll of acquirement
 10074 | D:12     | Got a twisted scarf
 10085 | D:12     | Identified the scarf "Asugyhim" {Dex+2} (You acquired it on level 12 of the Dungeon)
 10223 | D:13     | Noticed a centaur warrior
 10228 | D:13     | Killed a centaur warrior
 10266 | D:13     | Noticed Josephine
 10313 | D:13     | Killed Josephine
 10460 | D:13     | Noticed Azrael
 10470 | D:13     | Killed Azrael
 10470 | D:13     | Reached skill level 14 in Unarmed Combat
 10484 | D:13     | Reached ***** piety under Wu Jian
 10771 | D:13     | Noticed a centaur warrior
 10779 | D:13     | Killed a centaur warrior
 10790 | D:13     | Noticed Rupert
 10802 | D:13     | Killed Rupert
 10839 | D:13     | Noticed a tengu warrior
 10842 | D:13     | Noticed a tengu warrior
 10854 | D:13     | Killed a tengu warrior
 10859 | D:13     | Killed a tengu warrior
 11036 | D:13     | Reached XP level 13. HP: 141/141 MP: 12/12
 11242 | D:13     | Reached skill level 5 in Transmutations
 11500 | D:13     | Found a gate to the Vaults.
 11567 | Orc:1    | Entered Level 1 of the Orcish Mines
 11569 | Orc:1    | Noticed Urug
 11668 | Orc:1    | Killed Urug
 11773 | Orc:1    | Paralysed by an orc sorcerer for 5 turns
 11783 | Orc:1    | Reached skill level 15 in Unarmed Combat
 11841 | Orc:1    | Noticed an ettin
 11848 | Orc:1    | Killed an ettin
 12069 | Orc:1    | Noticed a stone giant
 12077 | Orc:1    | Killed a stone giant
 12162 | Orc:1    | Learned a level 2 spell: Blink
 12175 | Orc:2    | Entered Level 2 of the Orcish Mines
 12345 | Orc:1    | Reached skill level 1 in Translocations
 12500 | Orc:2    | Found Cusish's Antique Armour Shoppe.
 12655 | Orc:2    | Found a staircase to the Elven Halls.
 12677 | Orc:2    | Found Jezxowk's Book Emporium.
 13053 | Orc:1    | Found a roughly hewn altar of Beogh.
 13227 | Orc:2    | Noticed Saint Roka
 13241 | Orc:2    | Noticed an orc warlord
 13447 | Orc:1    | Killed an orc warlord
 13529 | Orc:1    | Reached XP level 14. HP: 103/153 MP: 11/13
 13630 | Orc:2    | Killed Saint Roka
 13630 | Orc:2    | Reached skill level 5 in Throwing
 13708 | Orc:2    | Found Miepemm's Antique Weapon Shoppe.
 13722 | Orc:2    | Reached skill level 5 in Dodging
 13843 | Orc:2    | Found Mutwon's General Store.
 14674 | Lair:1   | Noticed Ijustatesigmund's ghost (journeyman OgHu)
 14694 | Lair:1   | Killed Ijustatesigmund's ghost
 14966 | Lair:1   | Noticed Joseph
 14975 | Lair:1   | Killed Joseph
 15429 | Lair:2   | Found a labyrinth entrance.
 15438 | Lab      | Entered a labyrinth
 15942 | Lab      | Learned a level 5 spell: Blade Hands
 15945 | Lab      | Learned a level 2 spell: Swiftness
 16421 | D:5      | Bought a manual of Unarmed Combat for 1545 gold pieces
 17021 | Lair:3   | Found a staircase to the Snake Pit.
 17099 | Lair:3   | Found a frozen archway.
 17149 | IceCv    | Entered an ice cave
 17423 | IceCv    | Reached skill level 16 in Unarmed Combat
 17602 | IceCv    | Reached ****** piety under Wu Jian
 17648 | IceCv    | Reached XP level 15. HP: 108/159 MP: 14/14
 18890 | Lair:4   | Found a staircase to the Shoals.
 19721 | Lair:5   | Reached skill level 1 in Armour
 19721 | Lair:5   | Reached skill level 17 in Unarmed Combat
 19942 | Lair:6   | Entered Level 6 of the Lair of Beasts
 20366 | Lair:6   | Found a staircase to the Slime Pits.
 20864 | Lair:6   | Reached skill level 18 in Unarmed Combat
 21427 | Lair:6   | Found a runed door.
 21442 | Lair:6   | Reached skill level 1 in Spellcasting
 21793 | Lair:6   | Paralysed by a hornet for 1 turns
 21974 | Lair:6   | Paralysed by a hornet for 2 turns
 22287 | D:14     | Noticed Frances
 22299 | D:14     | Killed Frances
 23009 | D:15     | Entered Level 15 of the Dungeon
 23064 | D:15     | Reached XP level 16. HP: 41/170 MP: 18/18
 23546 | D:15     | Found a staircase to the Depths.
 24001 | D:15     | Noticed Nessos
 24005 | D:15     | Killed Nessos
 24144 | D:15     | Upgraded the game from 0.21-a0-104-g7b58145 to 0.21-a0-110-g8e1637b
 24247 | Depths:1 | Entered Level 1 of the Depths
 24259 | Depths:1 | Noticed Mara
 24277 | Depths:1 | Noticed Ijustatesigmund's illusion
 24289 | D:15     | Noticed Ijustatesigmund's illusion
 24289 | D:15     | HP: 9/255 [Mara/demon trident of draining (15)]
 24291 | D:15     | Annihilated by Ijustatesigmund's illusion

Vault maps used:
D:1:      ncdulo_watergridlock
D:2:      grunt_temple_overflow_order_and_chaos_1, elyvilon_altar_5
D:3:      grunt_temple_overflow_growth_and_decay, fiery_altar_vehumet,
          okawaru_ov_weapons_minmay, uniq_terence
D:4:      old_standard_altar, kennysheep_mini_moat, serial_shops, shop,
          first_bread, kennysheep_flooded_box
D:5:      wad_woods_stonehenge, nicolae_ashenzari_panopticon, serial_shops, shop
D:6:      hangedman_ru_absence, serial_shops, nicolae_shop_waterfront,
          uniq_duvessa
D:7:      nicolae_overflow_crystal_walls, minmay_temple_entry_hall,
          minmay_misc_feat_hallway, uniq_crazy_yiuf_cottage
D:8:      lemuel_coloured_pillars_altar, special_room
D:9:      lemuel_round_altar, david_lair_shrubbed
D:10:     lemuel_another_geyser
D:11:     hangedman_pestilent_swarm, lightli_elemental_guards
D:12:     orc_0_dummy, minmay_fountain_box, uniq_snorg
D:13:     david_vaults_5, nicolae_benzene_ring, uniq_josephine, uniq_azrael,
          uniq_rupert
D:14:     kennysheep_pointless_box, uniq_frances
D:15:     hangedman_depths_entry_try_elsewhere_first, serial_bayou_pond_d,
          uniq_nessos
Lair:1:   beast_lair_carwin_7, uniq_joseph
Lair:2:   lab_entry_generic, ice2_lemuel
Lair:3:   minmay_snake_entry_guardpost_small, portal_ice_cave_entry_imps,
          grunt_megastairs_4
Lair:4:   shoals_dummy_entry
Lair:6:   wormcave, hangedman_lair_tendril_chambers, minmay_slime_entry_pillars,
          serial_bayou_lagoon_b
Orc:1:    basic_altar, uniq_urug
Orc:2:    grunt_orc_gardens, grunt_orc_garden, grunt_orc_garden,
          grunt_orc_garden, grunt_orc_garden, guppyfry_library_mini,
          uniq_saint_roka
Depths:1: corexii_hall_statues_i, rand_demon_pan_entry_8, hell_entry,
          serial_shops, shop, moated_statue, eino_curves_02, minmay_hedge_maze,
          minmay_misc_feat_ornament, serial_sigils_hangedman_snap,
          hangedman_summoners_spam, uniq_enchantress, uniq_jorgrun, uniq_aizul,
          uniq_mara
Lab:      labyrinth_hidden_loot, nicolae_lab_statue, nicolae_lab_plus, lab_block
IceCv:    ice_cave_caverns_02

Skill      XL: |  1  2  3  4  5  6  7  8  9 10 11 12 13 14 15 16 |
---------------+-------------------------------------------------+-----
Throwing       | 1 2 4 6 |  6.3
Fighting       | 3 4 5 7 8 10 11 12 13 | 13.5
Unarmed Combat | 4 5 6 8 10 12 13 14 15 16 18 | 18.5
Transmutations | 1 4 5 7 8 9 |  9.3
Translocations | 3 4 |  4.8
Dodging        | 4 5 6 |  6.2
Armour         | 4 |  4.5
Spellcasting   | 2 3 |  3.0
Stealth        | |  1.0

Action                   |  1- 3 |  4- 6 |  7- 9 | 10-12 | 13-15 | 16-18 || total
-------------------------+-------+-------+-------+-------+-------+-------++-------
Melee: Unarmed           |    84 |   135 |   325 |   484 |  1404 |   148 ||  2580
       Punch             |       |     2 |     9 |    32 |   134 |    14 ||   191
       Headbutt          |       |       |    61 |   131 |   354 |    39 ||   585
       Kick              |       |       |       |       |    41 |     3 ||    44
Throw: Throwing net      |       |       |     1 |       |       |       ||     1
       Large rock        |       |       |       |       |    16 |     8 ||    24
 Cast: Beastly Appendage |       |       |       |     1 |    14 |     1 ||    16
       Blink             |       |       |       |       |     1 |       ||     1
       Blade Hands       |       |       |       |       |       |     3 ||     3
Invok: Serpent's Lash    |       |       |       |     5 |    11 |     1 ||    17
       Heavenly Storm    |       |       |       |       |     1 |       ||     1
Evoke: Wand              |       |       |     1 |       |     5 |     1 ||     7
  Use: Scroll            |     7 |       |     6 |    11 |    13 |       ||    37
       Potion            |     3 |       |     5 |     3 |     6 |     1 ||    18
 Stab: Sleeping          |     4 |     1 |     3 |     7 |     2 |       ||    17
       Distracted        |       |       |     3 |       |     1 |     1 ||     5
  Eat: Chunk             |    21 |     6 |    37 |    47 |   110 |    13 ||   234
       Royal jelly       |     1 |       |       |       |       |       ||     1
Armor: Robe              |    34 |    41 |    54 |   101 |       |       ||   230
       Troll leather arm |       |       |       |    76 |   381 |    47 ||   504
Dodge: Dodged            |    46 |    63 |   183 |   234 |   834 |    82 ||  1442
Block: Other             |       |       |       |       |    17 |     9 ||    26
       Reflection        |       |       |       |       |     1 |     5 ||     6
